Map: Романтицид РВ

Players

LicemerToxic

  • Race: Terran Terran
  • League: Master
  • Spawn Location: 11:00

Hayasaka - Winner!

  • Race: Protoss Protoss
  • League: Master
  • Spawn Location: 5:00

VOD

Have the link to the VOD?

Description

Time

  • Played on: Dec. 12, 2020, 4:50 a.m.
  • Length: 7:10
Show
View Real Time Build Order
Export as new Build Order

LicemerToxic Terran 

Build Orders: Reaper Expand 

Get SALT Encoding   

  12  0:00  SCV  
  13  0:12  SCV  
  14  0:17  Supply Depot  
  14  0:25  SCV  
  15  0:38  SCV  
  15  0:40  Barracks  
  16  0:43  Refinery  
  16  0:50  SCV  
  17  1:02  SCV  
  18  1:15  SCV  
  19  1:27  Reaper, Orbital Command  
  20  1:43  Command Center  
  20  1:54  SCV  
  20  1:56  Supply Depot  
  20  1:59  Marine  
  22  2:06  SCV  
  23  2:11  Factory  
  23  2:20  SCV  
  23  2:21  Bunker  
  24  2:22  Barracks Reactor  
  24  2:28  Refinery  
  23  2:44  SCV  
  24  2:55  Orbital Command  
  24  2:59  Marine x2, Starport  
  24  3:01  Factory Tech Lab, SCV  
  27  3:13  SCV  
  28  3:21  Marine x2  
  28  3:22  Cyclone  
  28  3:23  SCV  
  28  3:25  SCV  
  35  3:36  Viking  
  35  3:38  SCV x2, Supply Depot  
  35  3:40  Marine x2  
  41  3:50  SCV  
  41  3:54  Cyclone  
  41  3:55  SCV  
  46  4:02  SCV  
  47  4:09  Viking  
  49  4:10  Marine x2  
  49  4:11  SCV  
  49  4:14  SCV, Supply Depot  
  51  4:25  SCV  
  52  4:32  SCV  
  52  4:36  Marine x2  
  52  4:37  SCV  
  56  4:43  Command Center  
  56  4:44  SCV  
  57  4:49  Cyclone  
  60  4:53  Marine, SCV  
  62  5:04  SCV  
  62  5:06  Marine  
  62  5:16  Starport Tech Lab  
  62  5:17  Barracks  
  62  5:19  Barracks, Refinery  
  62  5:20  Supply Depot  
  62  5:21  Refinery  
  61  5:28  SCV x2  
  51  5:40  SCV x2  
  47  5:46  Raven  
  49  5:52  Barracks, SCV  
  49  5:53  Engineering Bay  
  49  5:54  Barracks, Engineering Bay  
  49  5:55  SCV  
  51  6:03  Orbital Command  
  51  6:04  SCV  
  51  6:07  Marine x2  
  54  6:11  Factory Reactor  
  54  6:13  SCV  
  54  6:17  SCV  
  53  6:29  Marine x2  
  55  6:35  Marauder  
  55  6:37  SCV x2  
  59  6:41  Starport Reactor, Barracks Tech Lab  
  59  6:45  SCV  
  60  6:48  Barracks Reactor  
  60  6:49  SCV  
Show
View Real Time Build Order
Export as new Build Order

Hayasaka Protoss - Winner!

Build Orders: 1 Gate Expand, Oracle Opening, Phoenix Opening, Colossus Rush 

Get SALT Encoding   

  12  0:00  Probe  
  13  0:12  Probe  
  14  0:18  Pylon  
  14  0:24  Probe  
  15  0:36  Probe (Chrono Boost)  
  15  0:38  Gateway  
  16  0:48  Assimilator, Probe (Chrono Boost)  
  17  0:53  Probe (Chrono Boost)  
  18  1:03  Probe  
  19  1:15  Probe  
  20  1:25  Nexus  
  20  1:33  Probe  
  20  1:37  Cybernetics Core  
  21  1:42  Assimilator  
  21  1:45  Probe  
  22  1:49  Pylon  
  22  1:57  Probe  
  23  2:09  Probe  
  23  2:10  Adept (Chrono Boost)  
  26  2:21  Probe  
  27  2:24  Stargate  
  27  2:33  Adept  
  29  2:38  Probe (Chrono Boost)  
  29  2:39  Probe (Chrono Boost)  
  29  2:41  Warp Gate  
  31  2:51  Probe x2 (Chrono Boost)  
  33  2:59  Probe x2 (Chrono Boost)  
  33  3:03  Adept  
  33  3:05  Probe  
  37  3:08  Oracle  
  37  3:12  Pylon, Probe  
  42  3:17  Probe  
  43  3:24  Probe  
  44  3:29  Probe  
  45  3:34  Gateway  
  45  3:36  Gateway, Probe  
  46  3:41  Probe  
  46  3:45  Phoenix  
  49  3:49  Probe  
  49  3:52  Pylon  
  49  3:53  Probe  
  49  3:55  Robotics Facility  
  51  3:59  Assimilator  
  51  4:01  Probe  
  51  4:02  Assimilator  
  50  4:05  Probe  
  51  4:14  Probe  
  52  4:17  Probe  
  53  4:26  Probe  
  53  4:30  Pylon x2, Probe  
  55  4:32  Phoenix  
  55  4:35  Nexus  
  55  4:38  Stalker, Probe  
  58  4:42  Probe  
  61  4:48  Robotics Bay  
  61  4:49  Stalker  
  61  4:51  Stalker  
  65  4:59  Phoenix  
  67  5:09  Probe x2  
  69  5:16  Stalker  
  69  5:17  Stalker x2  
  69  5:18  Shield Battery  
  69  5:21  Probe  
  76  5:35  Probe x2  
  74  5:40  Stalker x2  
  78  5:43  Colossus (Chrono Boost)  
  78  5:47  Probe (Chrono Boost)  
  85  5:53  Pylon  
  85  5:54  Probe x2 (Chrono Boost)  
  87  5:59  Probe (Chrono Boost)  
  87  6:03  Forge  
  89  6:04  Forge, Probe (Chrono Boost)  
  89  6:06  Probe (Chrono Boost)  
  89  6:09  Probe (Chrono Boost)  
  89  6:10  Gateway  
  91  6:12  Gateway, Probe  
  91  6:14  Probe  
  93  6:20  Probe  
  93  6:24  Probe  
  95  6:26  Probe  
  95  6:32  Warp Prism, Probe  
  97  6:36  Probe  
  97  6:38  Probe  
  101  6:47  Twilight Council  
  101  6:51  Pylon  
Tags
 
Add a new tag
Caveats
  • Supply blocks, unpowered buildings, or Contaminate may cause inaccurate times.
  • Supply counts are checked every 10 seconds.